 Dungeon Crawl Stone Soup version 0.30-a0-711-gf4ac18a38d (webtiles) character file.

Game seed: 6065009904761093770

3390 kae the Transmogrifier (level 9, -1/70 HPs)
             Began as a Demonspawn Transmuter on Jan 22, 2023.
             Slain by Joseph
             ... wielding a +2 heavy quarterstaff
              (19 damage)
             ... on level 7 of the Dungeon.
             The game lasted 00:10:06 (6658 turns).

kae the Transmogrifier (Demonspawn Transmuter)      Turns: 6658, Time: 00:10:07

Health: -1/70      AC:  8    Str: 17    XL:     9   Next: 74%
Magic:  16/17      EV: 15    Int: 18    God:
Gold:   309        SH:  0    Dex: 14    Spells: 9/19 levels left

rFire   x . .      SeeInvis .      - Unarmed
rCold   + + +      Faith    .    (shield currently unavailable)
rNeg    . . .      Spirit   .    (body armour currently unavailable)
rPois   +          Reflect  .    (helmet currently unavailable)
rElec   .          Harm     .    (cloak currently unavailable)
rCorr   +          Rampage  .    (gloves currently unavailable)
Will    .....                    (boots currently unavailable)
Stlth   +                        (no amulet)
HPRegen 0.31/turn                E - +5 ring of evasion
MPRegen 0.15/turn                h - ring "Cigir" {rCorr Str+6}

@: ice-form
A: freezing attack, amphibious, boosted hp, large, (antennae 2), (sanguine
armour 3), demonic magic 1
a: End Transformation


You were on level 7 of the Dungeon.
You were a creature of crystalline ice.
You visited 2 branches of the dungeon, and saw 9 of its levels.
You also visited: Sewer.

You collected 414 gold pieces.
You spent 105 gold pieces at shops.


Innate Abilities, Weirdness & Mutations

You are a creature of crystalline ice.
You have a powerful freezing melee attack.
You are amphibious.
Your maximum health is increased.
Your armour is entirely melded.
You are incapable of wielding weapons or throwing items.
((You have a pair of antennae on your head.))
((When seriously injured, your blood forms very thick armour. (AC +0)))
Spells you cast may paralyse adjacent enemies.


   Skills:
 - Level 1.0 Fighting
 - Level 1.7 Dodging
 + Level 6.0 Unarmed Combat
 + Level 5.8 Spellcasting
 * Level 8.0 Transmutations
 - Level 6.0 Ice Magic
 - Level 2.0 Poison Magic


You had 9 spell levels left.
You knew the following spells:

 Your Spells              Type           Power      Damage    Failure   Level
a - Beastly Appendage     Tmut           68%        N/A       1%          1
b - Wereblood             Tmut           34%        N/A       1%          2
c - Spider Form           Tmut/Pois      23%        N/A       4%          3
d - Ice Form              Ice/Tmut       30%        N/A       7%          4

Your spell library contained the following spells:

 Spells                   Type           Power      Damage    Failure   Level
 Ensorcelled Hibernation  Hex/Ice        32%        N/A       5%          2
 Anguish                  Hex/Necr       2%         N/A       77%         4

Inventory:

Missiles
 d - 37 poisoned darts
 f - 103 stones
 r - a curare-tipped dart {=f}
Armour
 a - a +1 robe (melded)
Jewellery
 h - the ring "Cigir" (right front paw) {rCorr Str+6}
   (You found it on level 2 of the Dungeon)

   [ring of strength]

   Str:       It affects your strength (+6).
   rCorr:     It protects you from acid and corrosion.
 C - a ring of protection from cold
   (You found it on level 1 of the Dungeon)
 E - a +5 ring of evasion (left front paw)
   (You found it on level 4 of the Dungeon)
 F - a ring of protection from fire
   (You found it on level 5 of the Dungeon)
 N - a ring of positive energy
   (You found it on level 4 of the Dungeon)
Wands
 v - a wand of mindburst (14)
   (You found it on level 5 of the Dungeon)
Scrolls
 e - a scroll of fear
 i - 2 scrolls of teleportation {@r4}
 l - 2 scrolls of amnesia
 n - 3 scrolls of identify {@r1}
 o - 2 scrolls of blinking {unknown}
 q - a scroll of enchant weapon {unknown}
 x - a scroll of fog {unknown}
 y - a scroll of vulnerability {!r!r}
Potions
 b - 2 potions of lignification {!q}
 c - 2 potions of magic
 j - a potion of heal wounds {@q2}
 k - 5 potions of curing {@q1}
 m - 2 potions of haste {@q3}
 p - 4 potions of cancellation
 s - a potion of degeneration {!q}
 t - a potion of flight
 w - 2 potions of attraction {!q}

Dungeon Overview and Level Annotations

Branches:
Dungeon (8/15) Zot: 26583  Temple (1/1) D:7 Zot: 5777   Sewer (visited)
   Lair: D:8-11

Altars:
Ashenzari
Dithmenos
Fedhas
Gozag
Hepliaklqana
Kikubaaqudgha
Makhleb
Nemelex Xobeh
Okawaru
Sif Muna
Trog
Uskayaw
Vehumet
Wu Jian
Xom
Yredelemnul

Shops:
D:4 **   D:5 (

Annotations:
D:7 Joseph

###### #### #....# .....
## #....##########.....
.####...................
.'..'..รท................
.####............@......
.# #...........Y.......
.# #...................
.# #...................
.# #>..................
.# ##+##....)..........
.# #.....).).......... .#
####............... .#
#............... .#
#..............)......#


You could see Joseph.


Message History

Your +1 robe unmelds from your body.
Your blood congeals into armour.
Key pressed, stopping explore.
You sense a monster nearby. ๐Ÿ˜ฎ HP[+11] MP[+2]
You now have 59 max hp (-11).
You regained 11 hp, and now have 37/59 hp.
Your mp is fully restored (17).
Your blood armour dries and flakes away.
You sense a monster nearby. ๐Ÿ˜ฎ HP[+4]
You regained 4 hp, and now have 41/59 hp.
You sense a monster nearby.
You open the door.
There is an open door here.
You see here 11 gold pieces.
You sense a monster nearby. ๐Ÿ˜Ž HP[+18]
Your hp is fully restored (59).
A black bear comes into view.
The black bear growls angrily.
Casting: Wereblood (safe; 1% risk of failure)
Confirm with . or Enter, or press ? or * to list all spells.
You turn into a creature of crystalline ice.
Your +1 robe melds into your body.
Malevolent energies surge around you. ๐Ÿ˜Ž HP[+11] MP[-4]
You now have 70 max hp (+11).
Your hp is fully restored (70).
You lost 4 mp, and now have 13/17 mp.
You punch the black bear! You freeze the black bear. You punch the black bear!
You freeze the black bear.
You kill the black bear!
No target in view!
No target in view!
No target in view!
No target in view!
Found a stone staircase leading up. ๐Ÿ˜Ž MP[+1] Unknown command.
You see here 11 gold pieces.
Your transformation is almost over.
You warm up again.
Your +1 robe unmelds from your body.
There is an open door here.
You open the door.
There is an open door here.
Key pressed, stopping explore.
An orc wizard is nearby! ๐Ÿ˜Ž HP[-11] MP[+3]
You now have 59 max hp (-11).
Your mp is fully restored (17).
An orc wizard is nearby!
An orc wizard is nearby!
Casting: Ice Form (dangerous; 7% risk of failure)
Confirm with . or Enter, or press ? or * to list all spells.
You turn into a creature of crystalline ice.
Your +1 robe melds into your body.
Malevolent energies surge around you. ๐Ÿ˜Ž HP[+11] MP[-4]
You now have 70 max hp (+11).
Your hp is fully restored (70).
You lost 4 mp, and now have 13/17 mp.
An orc comes into view. It is wielding a +0 morningstar.
The orc shouts! x2
You punch the orc wizard! You freeze the orc wizard.
You kill the orc wizard!
Your Transmutations skill increases to level 8! ๐Ÿ˜Ž MP[+1]
You pummel the orc!! You freeze the orc.
You kill the orc!
The orc throws a boomerang.
The boomerang closely misses you.
You hit the orc. You freeze the orc.
You kill the orc!
You punch the orc! You freeze the orc.
You kill the orc!
The orc closely misses you.
Joseph shouts!
You pummel the orc!! You freeze the orc.
You kill the orc!
Joseph shoots a sling bullet.
The sling bullet hits you! ๐Ÿ˜• HP[-11] MP[+1]
You take 11 damage, and now have 59/70 hp.
Joseph unwields a +0 sling.
Joseph wields a +2 heavy quarterstaff.
Joseph hits you with a +2 heavy quarterstaff!! ๐Ÿ˜ฎ HP[-18]
You take 18 damage, and now have 41/70 hp.
MASSIVE DAMAGE!! (PAUSE)
You hit Joseph. You freeze Joseph. Joseph closely misses you.
You hit Joseph. You freeze Joseph.
Unknown command.
You punch Joseph! You freeze Joseph.
Joseph hits you but does no damage. ๐Ÿ˜ฎ HP[+1]
You hit Joseph but do no damage. You hit Joseph but do no damage.
Joseph hits you with a +2 heavy quarterstaff!!
* * * LOW HITPOINT WARNING * * *
๐Ÿ˜ฑ HP[-25] MP[+1]
You take 25 damage, and now have 17/70 hp.
MASSIVE DAMAGE!! (PAUSE)
You hit Joseph. You freeze Joseph. You punch Joseph! You freeze Joseph.
Joseph hits you but does no damage. ๐Ÿ˜จ HP[+1]
You barely miss Joseph.
Joseph hits you with a +2 heavy quarterstaff!!
You die...

Skill      XL: |  1  2  3  4  5  6  7  8  9 |
---------------+----------------------------+-----
Transmutations | 2 3 4 5 6 8 |  8.0
Unarmed Combat | 3 4 5 6 |  6.0
Poison Magic   | 2 |  2.0
Spellcasting   | 3 4 5 |  5.8
Ice Magic      | 2 3 5 6 |  6.0
Fighting       | |  1.0
Dodging        | |  1.7

Action                     |  1- 3 |  4- 6 |  7- 9 || total
---------------------------+-------+-------+-------++-------
  Melee: Unarmed           |    88 |   133 |   265 ||   486
         Kick              |     6 |    25 |       ||    31
         Headbutt          |    11 |       |       ||    11
         Punch             |     2 |     2 |       ||     4
   Cast: Beastly Appendage |    13 |    26 |     1 ||    40
         Spider Form       |     1 |     4 |     9 ||    14
         Wereblood         |       |     1 |    11 ||    12
         Ice Form          |       |       |    21 ||    21
    Use: Scroll            |       |     1 |    10 ||    11
         Potion            |       |       |     9 ||     9
   Stab: Sleeping          |       |     2 |       ||     2
         Paralysed         |       |     3 |    14 ||    17
 Armour: Robe              |    18 |    15 |     3 ||    36
         Skin              |       |     5 |    69 ||    74
  Dodge: Dodged            |    41 |    98 |   276 ||   415

Levels and vault maps discovered:
D:1:      lightli_arrival_farm, layout_loops_ring,
          hellmonk_ecumenical_altar_watching_god, serial_forest,
          infiniplex_forest_end_1, infiniplex_forest_corner_1,
          infiniplex_forest_zigzag_2, infiniplex_forest_clump_tiny
D:2:      layout_loops_ring, uniq_sigmund
D:3:      layout_loops_ring, serial_glass, glass_columns_c, glass_columns_c,
          glass_columns_c, glass_columns_a, glass_columns_b, glass_columns_a,
          glass_columns_a, glass_columns_a, glass_columns_b, glass_columns_a,
          glass_columns_b, glass_columns_a, glass_columns_a, glass_columns_c,
          amethyst_killhole
D:4:      layout_basic, nicolae_alphabet_shops, nicolae_stop_n_shop_2
D:5:      layout_cave_pools, portal_sewer_entry_f, doesnt_shop_hydraphobe
D:6:      layout_gridville, uniq_edmund
D:7:      layout_basic, minmay_temple_entry_sparse_star, uniq_joseph
D:8:      layout_basic, uniq_psyche
Temple:   compressed_dpeg_triangle_lava_temple

Notes
Turn   | Place    | Note
-------+----------+-------------------------------------------
     0 | D:1      | kae the Demonspawn Transmuter began the quest for the Orb.
     0 | D:1      | Reached XP level 1. HP: 15/15 MP: 3/3
     0 | D:1      | magus.rc [v1.11.3]
    73 | D:1      | Reached skill level 2 in Transmutations
   122 | D:1      | Found a faded altar of an unknown god.
   122 | D:1      | Noticed a great orb of eyes
   125 | D:1      | Noticed a golden eye
   125 | D:1      | Noticed a great orb of eyes
   125 | D:1      | Noticed a shining eye
   141 | D:1      | Gained mutation: When seriously injured, your blood forms
                  | armour. (AC +0) [demonic ancestry]
   141 | D:1      | Reached XP level 2. HP: 13/21 MP: 5/5
  1116 | D:2      | Reached skill level 3 in Unarmed Combat
  1116 | D:2      | Reached XP level 3. HP: 24/26 MP: 6/6
  1119 | D:2      | Learned a level 2 spell: Wereblood
  1123 | D:2      | Learned a level 3 spell: Spider Form
  1209 | D:2      | Noticed Sigmund
  1216 | D:2      | Killed Sigmund
  1217 | D:2      | Reached skill level 3 in Transmutations
  1217 | D:2      | Reached skill level 2 in Poison Magic
  1217 | D:2      | Gained mutation: You have a pair of small antennae on your
                  | head. [demonic ancestry]
  1217 | D:2      | Reached XP level 4. HP: 30/32 MP: 3/8
  1217 | D:2      | Gained mutation: When seriously injured, your blood forms
                  | thick armour. (AC +0) [demonic ancestry]
  1217 | D:2      | Reached XP level 5. HP: 35/37 MP: 3/9
  1415 | D:2      | Identified the ring "Cigir" {rCorr Str+6}
  2041 | D:3      | Reached skill level 3 in Spellcasting
  2046 | D:3      | Learned a level 4 spell: Ice Form
  2648 | D:4      | Reached skill level 4 in Transmutations
  2648 | D:4      | Gained mutation: Spells you cast may paralyse adjacent
                  | enemies. [demonic ancestry]
  2648 | D:4      | Reached XP level 6. HP: 32/43 MP: 4/10
  2649 | D:4      | Reached skill level 1 in Ice Magic
  3039 | D:4      | Found Puaqilak's Practical Paraphernalia.
  3056 | D:4      | You pick up a book of Dreams and begin reading...
  3056 | D:4      | You add the spells Ensorcelled Hibernation and Anguish to
                  | your library.
  3161 | D:4      | Found Paib's General Store.
  3170 | D:4      | Bought a potion of curing for 30 gold pieces
  3170 | D:4      | Bought a scroll of magic mapping for 75 gold pieces
  3461 | D:5      | Entered Level 5 of the Dungeon
  3468 | D:5      | Reached skill level 2 in Ice Magic
  3468 | D:5      | Reached XP level 7. HP: 48/48 MP: 8/12
  3503 | D:5      | Reached skill level 4 in Unarmed Combat
  3505 | D:5      | Found Tecoenwit's Hydra Hut.
  3509 | D:5      | Noticed a five-headed hydra
  3710 | D:5      | Reached skill level 5 in Transmutations
  3735 | D:5      | Found a glowing drain.
  3747 | Sewer    | Entered a sewer
  4001 | Sewer    | Reached skill level 3 in Ice Magic
  4223 | Sewer    | Reached skill level 4 in Spellcasting
  4294 | Sewer    | Gained mutation: You have a pair of antennae on your head.
                  | [demonic ancestry]
  4294 | Sewer    | Reached XP level 8. HP: 54/54 MP: 8/14
  4702 | D:5      | Reached skill level 4 in Ice Magic
  5297 | D:6      | Reached skill level 6 in Transmutations
  5363 | D:6      | Noticed Edmund
  5377 | D:6      | Killed Edmund
  5382 | D:6      | Reached skill level 5 in Unarmed Combat
  5481 | D:6      | Reached skill level 5 in Ice Magic
  5497 | D:6      | Gained mutation: When seriously injured, your blood forms
                  | very thick armour. (AC +0) [demonic ancestry]
  5497 | D:6      | Reached XP level 9. HP: 59/59 MP: 11/16
  5811 | D:6      | You fall into a shaft and drop 2 floors!
  6027 | D:7      | Found a staircase to the Ecumenical Temple.
  6045 | D:7      | Reached skill level 5 in Spellcasting
  6065 | D:7      | Reached skill level 7 in Transmutations
  6072 | D:7      | Reached skill level 6 in Ice Magic
  6097 | Temple   | Entered the Ecumenical Temple
  6372 | D:7      | Noticed Joseph
  6387 | D:7      | HP: 5/70 [steam dragon/ball of steam (15)]
  6393 | D:7      | Reached skill level 6 in Unarmed Combat
  6641 | D:7      | Reached skill level 8 in Transmutations
  6655 | D:7      | HP: 17/70 [Joseph/+2 heavy quarterstaff (25)]
  6658 | D:7      | Slain by Joseph

Vanquished Creatures
  A hornet (D:7)
  4 yaks (D:7)
  Sigmund (D:2)
  A steam dragon (D:7)
  Edmund (D:6)
  2 water moccasins
  3 black bears
  A sky beast (D:7)
  3 ogres
  A phantom (D:5)
  4 kobold brigands
  A bullfrog (D:8)
  2 necrophages (D:6)
  2 scorpions (D:5)
  5 hounds
  A gnoll bouda (D:6)
  An orc priest (D:4)
  3 iguanas
  An orc wizard (D:7)
  12 gnolls
  12 adders
  6 river rats (Sewer)
  A shadow imp (D:6)
  An ufetubus (D:5)
  2 worms
  A dart slug (D:2)
  12 orcs
  19 ball pythons
  3 bats
  5 endoplasms
  7 giant cockroaches
  2 hobgoblins
  6 quokkas
  4 frilled lizards
  8 goblins
  23 kobolds
  21 rats
183 creatures vanquished.

Vanquished Creatures (others)
  4 plants
4 creatures vanquished.

Grand Total: 187 creatures vanquished

Table legend:
 A = Non-vault XP
 B = Vault XP
 C = Vault XP percentage of total XP
 D = Non-vault monster count
 E = Vault monster count
 F = Vault count percentage of total count
                 A         B        C        D         E       F
            +---------+---------+-------+---------+---------+-------
      Total |    3994 |     849 |  17.5 |     122 |      61 |  33.3
            +---------+---------+-------+---------+---------+-------
        D:1 |      23 |       0 |   0.0 |      14 |       0 |   0.0
        D:2 |      67 |     214 |  76.2 |      17 |       1 |   5.6
        D:3 |      42 |       0 |   0.0 |      17 |       0 |   0.0
        D:4 |     312 |       0 |   0.0 |      20 |       0 |   0.0
        D:5 |     683 |      10 |   1.4 |      14 |       5 |  26.3
        D:6 |     913 |     164 |  15.2 |      20 |       1 |   4.8
        D:7 |    1765 |       0 |   0.0 |      16 |       0 |   0.0
        D:8 |     189 |       0 |   0.0 |       4 |       0 |   0.0
      Sewer |       0 |     461 | 100.0 |       0 |      54 | 100.0
            +---------+---------+-------+---------+---------+-------

Illustrated notes

Table legend:
 A = Kills in this place as a percentage of kills in entire the game.
 B = Kills by you in this place as a percentage of kills by you in the entire game.
 C = Kills by friends in this place as a percentage of kills by friends in the entire game.
 D = Other kills in this place as a percentage of other kills in the entire game.
 E = Experience gained in this place as a percentage of experience gained in the entire game.
 F = Experience gained in this place divided by the number of levels of this place that you have seen.
                   A       B       C       D       E      F
               +-------+-------+-------+-------+-------+----------------------
         Total | 100.0 | 100.0 |   N/A |   N/A | 100.0 | 484.3
       Dungeon |  70.5 |  70.5 |   N/A |   N/A |  90.5 | 547.8
         Sewer |  29.5 |  29.5 |   N/A |   N/A |   9.5 | 461.0
               +-------+-------+-------+-------+-------+----------------------

Table legend: (Time is in decaauts)
 A = Elapsed time spent in this place.
 B = Non-inter-level travel time spent in this place.
 C = Inter-level travel time spent in this place.
 D = Time resting spent in this place.
 E = Time spent auto-exploring this place.
 F = Levels seen in this place.
 G = Mean time per level.
                   A        B        C        D        E       F      G
               +--------+--------+--------+--------+--------+-----+--------+
         Total |   6640 |   6436 |    204 |    158 |   5011 |  10 |  664.0 |
       Dungeon |   5637 |   5449 |    188 |    158 |   4236 |   8 |  704.6 |
        Temple |    222 |    206 |     16 |      0 |    193 |   1 |  222.0 |
         Sewer |    779 |    779 |      0 |      0 |    582 |   1 |  779.0 |
               +--------+--------+--------+--------+--------+-----+--------+

Top non-repeatable levels by time:
     D:1: 1053 daAuts
     D:4: 923 daAuts
     D:2: 900 daAuts
     D:5: 822 daAuts
   Sewer: 779 daAuts
     D:3: 700 daAuts
     D:6: 620 daAuts
     D:7: 415 daAuts
  Temple: 222 daAuts
     D:8: 202 daAuts
